 Dungeon Crawl Stone Soup version 0.24.0-28-g17ded55e90 (webtiles) character file.

Game seed: 14752032672763169026, levelgen mode: deterministic

213 Delamore the Chopper (level 5, -2/45 HPs)
             Began as a Hill Orc Fighter on Nov 12, 2019.
             Was a Believer of Yredelemnul.
             Slain by a hippogriff (3 damage)
             ... on level 4 of the Dungeon.
             The game lasted 00:05:38 (3558 turns).

Delamore the Chopper (Hill Orc Fighter)             Turns: 3558, Time: 00:05:38

Health: -2/45      AC:  8    Str: 20    XL:     5   Next: 90%
Magic:  5/5        EV:  7    Int:  8    God:    Yredelemnul [**....]
Gold:   192        SH:  9    Dex: 10    Spells: 4/4 levels left

rFire    . . .     SeeInvis .   a - +0 war axe
rCold    . . .     Gourm    .   c - +0 shield
rNeg     . . .     Faith    +   b - +0 scale mail
rPois    .         Spirit   .   y - +0 helmet
rElec    .         Reflect  .   (no cloak)
rCorr    .         Harm     .   (no gloves)
MR       .....                  (no boots)
Stlth    ..........             g - amulet of faith
HPRegen  0.15/turn              v - ring of attention (curse)
MPRegen  0.09/turn              (no ring)

@: no status effects
A: no striking features
a: Animate Remains, Recall Undead Slaves, Injury Mirror, Renounce Religion


You were on level 4 of the Dungeon.
You worshipped Yredelemnul.
Yredelemnul was pleased with you.
You were not hungry.

You visited 1 branch of the dungeon, and saw 4 of its levels.

You collected 192 gold pieces.

Inventory:

Hand Weapons
 a - a +0 war axe (weapon)
Missiles
 e - a throwing net (quivered)
 s - 7 javelins
Armour
 b - a +0 scale mail (worn)
 c - a +0 shield (worn)
 y - a +0 helmet (worn)
Jewellery
 g - an amulet of faith (around neck)
 n - an uncursed amulet of guardian spirit
 q - an uncursed amulet of magic regeneration
 v - a cursed ring of attention (left hand)
Wands
 m - a wand of polymorph (7)
Scrolls
 h - 3 scrolls of teleportation {unknown}
 j - a scroll of magic mapping {unknown}
 o - a scroll of fear {unknown}
 p - 3 scrolls of fog {unknown}
 w - 2 scrolls of identify {unknown}
 x - a scroll of random uselessness {unknown}
Potions
 d - 3 potions of might
 i - 2 potions of heal wounds {unknown}
 k - 2 potions of ambrosia {unknown}
 l - 2 potions of curing {unknown}
 r - a potion of degeneration {unknown}
 t - a potion of flight {unknown}
 u - a potion of agility {unknown}
Comestibles
 f - 9 rations
 z - 7 chunks of flesh


   Skills:
 - Level 3.6 Fighting
 + Level 7.9 Axes
 - Level 3.2 Armour
 - Level 3.2 Shields


You had 4 spell levels left.
You didn't know any spells.
Your spell library was empty.

Dungeon Overview and Level Annotations

Branches:
Dungeon (4/15)
 Temple: D:4-7

Altars:
Ashenzari
Yredelemnul


Message History

* * * LOW HITPOINT WARNING * * *
The hippogriff completely misses you.
The hippogriff claws you but does no damage.
You hit the hippogriff.
The hippogriff is severely wounded.
The hippogriff barely misses you.
The hippogriff pecks you but does no damage.
The hippogriff claws you but does no damage.
Your shield and scale mail prevent you from hitting the hippogriff.
The hippogriff is severely wounded.
The hippogriff bites you but does no damage.
The hippogriff pecks you but does no damage.
The hippogriff barely misses you.
You hit the hippogriff.
The hippogriff is severely wounded.
The hippogriff bites you!
* * * LOW HITPOINT WARNING * * *
You block the hippogriff's attack. The hippogriff claws you.
You die...
Your body rises from the dead as a mindless zombie.

≈≈≈≈ ≈≈≈≈ # ≈≈≈≈
.# ♣≈≈ ♣♣..# ≈≈♣
♣≈≈.# ≈ ♣♣
♣♣≈♣♣....#
#.♣♣≈≈
♣..H@)...#
#.....
###'######
##....### #.#
........#####.#
..............#
..............##
####...........+
######'######
#)#


You could see a hippogriff.

Vanquished Creatures
  Jessica (D:2)
  Robin (D:4)
  5 adders
  3 gnolls (D:3)
  An ooze (D:2)
  7 worms
  A dart slug (D:2)
  2 orcs
  A ball python (D:3)
  5 giant cockroaches
  14 goblins
  9 hobgoblins
  3 jackals (D:3)
  2 quokkas (D:3)
  9 bats
  4 frilled lizards
  3 kobolds
  7 rats
78 creatures vanquished.

Notes
Turn   | Place    | Note
-------+----------+-------------------------------------------
     0 | D:1      | Delamore the Hill Orc Fighter began the quest for the Orb.
     0 | D:1      | Reached XP level 1. HP: 19/19 MP: 1/1
    16 | D:1      | Reached skill level 3 in Axes
   142 | D:1      | Reached XP level 2. HP: 24/26 MP: 2/2
   529 | D:1      | Found a shattered altar of Ashenzari.
   593 | D:1      | Reached skill level 4 in Axes
   665 | D:2      | Noticed Jessica
   881 | D:2      | Killed Jessica
   881 | D:2      | Reached skill level 5 in Axes
   881 | D:2      | Reached XP level 3. HP: 30/31 MP: 3/3
  1253 | D:2      | Reached XP level 4. HP: 17/39 MP: 4/4
  1551 | D:2      | Reached skill level 6 in Axes
  2336 | D:3      | Found a faded altar of an unknown god.
  2376 | D:3      | Reached XP level 5. HP: 45/45 MP: 5/5
  2423 | D:3      | Became a worshipper of Yredelemnul the Dark
  2423 | D:3      | Reached * piety under Yredelemnul
  2591 | D:3      | Reached skill level 7 in Axes
  3198 | D:3      | Reached ** piety under Yredelemnul
  3353 | D:4      | Noticed Robin
  3387 | D:4      | Killed Robin
  3541 | D:4      | Noticed a hippogriff
  3558 | D:4      | HP: 1/45 [hippogriff (7)]
  3558 | D:4      | Slain by a hippogriff

Levels and vault maps discovered:
D:1:      ncdulo_wetmaze, layout_basic, evilmike_ruin_ashenzari
D:2:      minmay_inner_zag, layout_basic, first_ration,
          minmay_misc_feat_columns, grunt_ministairs_8, uniq_jessica
D:3:      layout_basic, chequers_ecumenical_altar_island
D:4:      layout_basic, serial_bayou_lake_a, uniq_robin, uniq_natasha

Skill      XL: |  1  2  3  4  5 |
---------------+----------------+-----
Axes           | 3 5 6 7 |  7.9
Fighting       | |  3.6
Armour         | |  3.2
Shields        | |  3.2

Action                   |  1- 3 |  4- 6 || total
-------------------------+-------+-------++-------
Melee: War axe           |    70 |   203 ||   273
Invok: Animate Remains   |       |     1 ||     1
  Eat: Chunk             |     1 |     8 ||     9
Armor: Scale mail        |    21 |    95 ||   116
Dodge: Dodged            |    27 |    63 ||    90
Block: Shield            |    44 |   115 ||   159
